 Dungeon Crawl Stone Soup version 0.29.0-7-g18a832c13a (webtiles) character file.

Game seed: 16954741917246631959

14 SnakkuSnakku7 the Slasher (level 2, -4/37 HPs)
             Began as a Djinni Chaos Knight on Aug 31, 2022.
             Was a Plaything of Xom.
             Slain by Crazy Yiuf
             ... wielding a +2 quarterstaff of chaos
              (9 damage)
             ... on level 2 of the Dungeon.
             The game lasted 00:01:16 (807 turns).

SnakkuSnakku7 the Slasher (Djinni Chaos Knight)      Turns: 807, Time: 00:01:17

Health: -4/37      AC: 11    Str: 11    XL:     2   Next: 60%
Gold:   76         EV:  2    Int: 13    God:    Xom [..*...] SH:  5 Dex: 12

rFire   + + .      SeeInvis .   a - +0 falchion (chaos)
rCold   x . .      Faith    .   (no shield)
rNeg    . . .      Spirit   .   l - +0 plate armour
rPois   ∞          Reflect  +   j - +0 helmet
rElec   .          Harm     .   (no cloak)
rCorr   .          Rampage  .   (no gloves)
Will    .....                   (boots unavailable)
Stlth   ..........              n - amulet of reflection
HPRegen 0.12/turn               (no ring)
MPRegen 0.00/turn               (no ring)

@: mighty, berserking, flying, invisible, very quick
A: sickness immunity, fire resistance 2, cold vulnerability 1, float, innate
caster, HP casting, extra vitality 1
a: Renounce Religion


You were on level 2 of the Dungeon.
You worshipped Xom.
You were a toy of Xom.
You visited 1 branch of the dungeon, and saw 2 of its levels.

You collected 76 gold pieces.

Inventory:

Hand Weapons
 a - a +0 falchion of chaos (weapon)
 k - a +1 dagger of protection
Missiles
 p - 2 throwing nets
Armour
 b - a +2 leather armour
 j - a +0 helmet (worn)
 l - a +0 plate armour (worn)
Jewellery
 n - an amulet of reflection (around neck)
Scrolls
 d - a scroll of magic mapping {unknown}
 e - 2 scrolls of identify {unknown}
 g - a scroll of immolation {unknown}
 h - a scroll of enchant weapon {unknown}
 i - a scroll of enchant armour {unknown}
 o - a scroll of fear {unknown}
Potions
 f - a potion of invisibility {unknown}
 m - 2 potions of lignification {unknown}
Miscellaneous
 c - a piece from Xom's chessboard (13/15) (quivered)


   Skills:
 - Level 3.0 Fighting
 + Level 3.4 Long Blades
 - Level 1.0 Armour
 - Level 2.1 Dodging


You had one spell level left.
You didn't know any spells.
Your spell library was empty.

Dungeon Overview and Level Annotations

Branches:
Dungeon (2/15)

Altars:

Annotations:
D:2 Crazy Yiuf


Innate Abilities, Weirdness & Mutations

You are immune to sickness and miasma.
You are immune to poison.
Your flesh is very heat resistant. (rF++)
You are vulnerable to cold. (rC-)
You float through the air rather than walking.
You learn spells naturally, not from books.
Your magical power is your life essence.
You have superior vitality. (+4 MHP)


Message History

Unknown command.
You barely miss Crazy Yiuf.
Crazy Yiuf yells, "Prologue!
Prologue agre toodlewoodle."
Crazy Yiuf hits you with a +2 quarterstaff of chaos!
Crazy Yiuf burns you.
You completely miss Crazy Yiuf. You block Crazy Yiuf's attack.
You hit Crazy Yiuf.
Crazy Yiuf is moderately wounded.
Crazy Yiuf hits you with a +2 quarterstaff of chaos.
Crazy Yiuf freezes you.
You closely miss Crazy Yiuf.
Crazy Yiuf is moderately wounded.
Unknown command.
You make a move on Xom's chessboard...
Crazy Yiuf seems to speed up.
Crazy Yiuf shuffles his notes under his cloak. "Go forth and cause havoc, mortal!"
A red film seems to cover your vision as you go berserk!
You feel yourself moving faster!
You feel mighty!
Crazy Yiuf is no longer moving slowly.
Crazy Yiuf ponders an existential dilemma.
You closely miss Crazy Yiuf.
Crazy Yiuf is lightly wounded.
Crazy Yiuf hits you with a +2 quarterstaff of chaos.
You feel very mighty all of a sudden.
Xom thinks this is hilarious!
You closely miss Crazy Yiuf.
Crazy Yiuf is lightly wounded.
Crazy Yiuf laughs, "Blight!
Seed agre song."
Crazy Yiuf hits you with a +2 quarterstaff of chaos.
Crazy Yiuf freezes you.
* * * LOW HITPOINT WARNING * * *
You hit Crazy Yiuf.
Crazy Yiuf seems to slow down.
Crazy Yiuf is moderately wounded.
Crazy Yiuf hits you with a +2 quarterstaff of chaos.
* * * LOW HITPOINT WARNING * * *
You fade into invisibility!
You barely miss Crazy Yiuf.
Crazy Yiuf is moderately wounded.
Crazy Yiuf hits you with a +2 quarterstaff of chaos!
You die...

## .## #.# .. ..# #.#
#....###.# #.##.##..#
#.##.##..# ####.##.#...# ###
##....##.#...#
'.####P.)......g@<#
##g.#.P....##.#...#########
###.#....................#####
#######....................#
#.##.....######..###.#
#..#.....# #..## .........#
#...# ##..#.....# #...#
#..#....... .......


You could see Crazy Yiuf (fast, unable to see you, slow).

Vanquished Creatures
  A bat (D:1)
  2 endoplasms (D:1)
  A giant cockroach (D:1)
  A goblin (D:1)
  2 quokkas (D:1)
  2 ball pythons (D:1)
  3 kobolds (D:1)
  2 rats (D:1)
14 creatures vanquished.

Notes
Turn   | Place    | Note
-------+----------+-------------------------------------------
     0 | D:1      | SnakkuSnakku7 the Djinni Chaos Knight began the quest for
                  | the Orb.
     0 | D:1      | Reached XP level 1. HP: 20/20 MP: 0/0
    71 | D:1      | XOM: silly message
   156 | D:1      | Found a faded altar of an unknown god.
   269 | D:1      | Reached XP level 2. HP: 21/25 MP: 0/0
   607 | D:1      | XOM: divination: magic mapping
   777 | D:2      | Found a runed translucent door.
   778 | D:2      | Noticed Crazy Yiuf
   802 | D:2      | XOM: potion effect (berserk rage)
   807 | D:2      | Slain by Crazy Yiuf

Illustrated notes

Levels and vault maps discovered:
D:1:      nicolae_arrival_washed_ashore, layout_basic,
          hellmonk_ecumenical_altar_heavens_door
D:2:      layout_basic, chequers_serial_rivers_room_b, uniq_crazy_yiuf_cottage

Skill      XL: |  1 |
---------------+----+-----
Long Blades    | 3 |  3.4
Fighting       | |  3.0
Armour         | |  1.0
Dodging        | |  2.1

Action                   || total
-------------------------++-------
Melee: Falchion          ||    53
       Punch             ||     2
Evoke: Piece from Xom's  ||     2
 Stab: Sleeping          ||     1
Armor: Leather armour    ||     6
       Plate armour      ||    39
Dodge: Dodged            ||    12
Block: Other             ||     1
